 Dungeon Crawl Stone Soup version 0.26-a0-1129-gc5df7fbe6a (webtiles) character file.

Game seed: 3050529477326823973

10 hehateme the Thaumaturge (level 2, 0/20 HPs)
             Began as a Gnoll Wanderer on Dec 19, 2020.
             Slain by a bat (1 damage)
             ... on level 1 of the Dungeon.
             The game lasted 00:00:40 (361 turns).

hehateme the Thaumaturge (Gnoll Wanderer)            Turns: 361, Time: 00:00:40

Health: 0/20       AC:  2    Str: 13    XL:     2   Next: 20%
Magic:  12/12      EV: 11    Int: 15    God:
Gold:   8          SH:  0    Dex: 14    Spells: 19/19 levels left

rFire    . . .     SeeInvis .   a - +0 dagger
rCold    . . .     Faith    .   (no shield)
rNeg     . . .     Spirit   .   e - +0 robe
rPois    .         Reflect  .   (no helmet)
rElec    .         Harm     .   (no cloak)
rCorr    .         Rampage  .   (no gloves)
Will     .....                  (no boots)
Stlth    +.........             (no amulet)
HPRegen  0.06/turn              (no ring)
MPRegen  0.13/turn              (no ring)

@: no status effects
A: distributed training, fangs 1, strong nose
a: no special abilities


You were on level 1 of the Dungeon.
You visited 1 branch of the dungeon, and saw 1 of its levels.

You collected 8 gold pieces.

Inventory:

Hand Weapons
 a - a +0 dagger (weapon)
Missiles
 c - 13 poisoned darts
Armour
 e - a +0 robe (worn)
Scrolls
 b - a scroll of amnesia {unknown}
 d - a scroll of identify {unknown}
 f - a scroll of magic mapping {unknown}


   Skills:
 + Level 0.3 Fighting
 + Level 0.3 Short Blades
 + Level 0.3 Long Blades
 + Level 0.3 Axes
 + Level 0.3 Maces & Flails
 + Level 0.3 Polearms
 + Level 0.3 Staves
 + Level 0.3 Slings
 + Level 0.3 Bows
 + Level 0.3 Crossbows
 + Level 2.4 Throwing
 + Level 0.3 Armour
 + Level 0.3 Dodging
 + Level 0.3 Stealth
 + Level 0.3 Shields
 + Level 0.3 Unarmed Combat
 + Level 9.2 Spellcasting
 + Level 0.2 Conjurations
 + Level 0.2 Hexes
 + Level 0.2 Summonings
 + Level 0.2 Necromancy
 + Level 0.2 Translocations
 + Level 0.2 Transmutations
 + Level 2.0 Fire Magic
 + Level 3.7 Ice Magic
 + Level 0.2 Air Magic
 + Level 2.0 Earth Magic
 + Level 0.2 Poison Magic
 + Level 0.4 Invocations
 + Level 2.4 Evocations


You had 19 spell levels left.
You didn't know any spells.
Your spell library contained the following spells:

 Spells                   Type           Power        Failure   Level
 Foxfire                  Conj/Fire      40%          7%          1
 Magic Dart               Conj           28%          10%         1
 Blink                    Tloc           N/A          14%         2
 Call Imp                 Summ           7%           14%         2
 Slow                     Hex            7%           14%         2
 Conjure Flame            Conj/Fire      10%          21%         3
 Mephitic Cloud           Conj/Pois/Air  7%           28%         3


Dungeon Overview and Level Annotations

Branches:
Dungeon (1/15)

Altars:


Innate Abilities, Weirdness & Mutations

Your experience applies equally to all skills.
You have very sharp teeth.
Your uncanny sense of smell can sniff out nearby items.


Message History

* * * LOW HITPOINT WARNING * * *
You take 2 damage, and have 2/20 hp.
You hit the goblin.
You kill the goblin!
The bat hits you but does no damage. The bat hits you but does no damage.
The bat barely misses you. The bat barely misses you.
The bat barely misses you. x2
The bat closely misses you. The bat barely misses you. The bat misses you.
The bat hits you.
* * * LOW HITPOINT WARNING * * *
You take 1 damage, and have 1/20 hp.
The bat closely misses you. The bat barely misses you.
You see here a rat corpse.
The bat hits you.
You die...

####.## #.....#∆
#.....# #### #.....#
+... ####.## ####
#.# #.# #b# #@# #.#
#.# ###.# #...#
#.##### #.....#
#####.##############
#...............

Skill      XL: |  1 |
---------------+----+-----
Spellcasting   | |  9.2
Fire Magic     | 2 |  2.0
Earth Magic    | 2 |  2.0
Fighting       | |  0.3
Short Blades   | |  0.3
Long Blades    | |  0.3
Axes           | |  0.3
Maces & Flails | |  0.3
Polearms       | |  0.3
Staves         | |  0.3
Slings         | |  0.3
Bows           | |  0.3
Crossbows      | |  0.3
Throwing       | |  2.4
Armour         | |  0.3
Dodging        | |  0.3
Stealth        | |  0.3
Shields        | |  0.3
Unarmed Combat | |  0.3
Conjurations   | |  0.2
Hexes          | |  0.2
Summonings     | |  0.2
Necromancy     | |  0.2
Translocations | |  0.2
Transmutations | |  0.2
Ice Magic      | |  3.7
Air Magic      | |  0.2
Poison Magic   | |  0.2
Invocations    | |  0.4
Evocations     | |  2.4

Notes
Turn   | Place    | Note
-------+----------+-------------------------------------------
     0 | D:1      | Reached skill level 9 in Spellcasting
     0 | D:1      | hehateme the Gnoll Wanderer began the quest for the Orb.
     0 | D:1      | hehateme set off with the following items: a +0 dagger, 13
                  | poisoned darts, a +0 robe; and the following spells
                  | available to memorise: Foxfire, Magic Dart, Blink, Call
                  | Imp, Slow, Conjure Flame, Mephitic Cloud
     0 | D:1      | Reached XP level 1. HP: 13/13 MP: 10/10
   236 | D:1      | Reached skill level 2 in Fire Magic
   236 | D:1      | Reached skill level 2 in Earth Magic
   342 | D:1      | HP: 3/13 [goblin (3)]
   344 | D:1      | Reached XP level 2. HP: 5/20 MP: 12/12
   347 | D:1      | HP: 2/20 [goblin (3)]
   357 | D:1      | HP: 1/20 [bat (1)]
   361 | D:1      | Slain by a bat

Table legend: (Time is in decaauts)
 A = Elapsed time spent in this place.
 B = Non-inter-level travel time spent in this place.
 C = Inter-level travel time spent in this place.
 D = Time resting spent in this place.
 E = Time spent auto-exploring this place.
 F = Levels seen in this place.
 G = Mean time per level.
                   A        B        C        D        E       F      G
               +--------+--------+--------+--------+--------+-----+--------+
         Total |    361 |    361 |      0 |      0 |    283 |   1 |  361.0 |
       Dungeon |    361 |    361 |      0 |      0 |    283 |   1 |  361.0 |
               +--------+--------+--------+--------+--------+-----+--------+

Top non-repeatable levels by time:
     D:1: 361 daAuts

Table legend:
 A = Kills in this place as a percentage of kills in entire the game.
 B = Kills by you in this place as a percentage of kills by you in the entire game.
 C = Kills by friends in this place as a percentage of kills by friends in the entire game.
 D = Other kills in this place as a percentage of other kills in the entire game.
 E = Experience gained in this place as a percentage of experience gained in the entire game.
 F = Experience gained in this place divided by the number of levels of this place that you have seen.
                   A       B       C       D       E      F
               +-------+-------+-------+-------+-------+----------------------
         Total | 100.0 | 100.0 |   N/A |   N/A | 100.0 |  15.0
       Dungeon | 100.0 | 100.0 |   N/A |   N/A | 100.0 |  15.0
               +-------+-------+-------+-------+-------+----------------------

Action                   || total
-------------------------++-------
Melee: Dagger            ||    30
       Bite              ||     4
Armor: Robe              ||     9
Dodge: Dodged            ||    33

Vanquished Creatures
  An ooze (D:1)
  A goblin (D:1)
  A hobgoblin (D:1)
  2 bats (D:1)
  2 rats (D:1)
7 creatures vanquished. You could see a bat.

Levels and vault maps discovered:
D:1:      lemuel_arrival_rhombus, layout_basic
